 Dungeon Crawl Stone Soup version 0.21-a0-352-g5b8f553 (webtiles) character file.

6196 aurelian the Grappler (level 10, -7/100 HPs)
             Began as a Troll Arcane Marksman on Oct 10, 2017.
             Was an Elder of Wu Jian.
             Mangled by a two-headed ogre
             ... wielding a +0 giant club
              (21 damage)
             ... on level 10 of the Dungeon.
             The game lasted 00:22:49 (7468 turns).

aurelian the Grappler (Troll Arcane Marksman)       Turns: 7468, Time: 00:22:50

Health: -7/100     AC:  7    Str: 21    XL:     10   Next: 61%
Magic:  19/19      EV: 12    Int:  9    God:    Wu Jian [****..]
Gold:   637        SH:  0    Dex: 10    Spells: 10/11 levels left

rFire    + . .     SeeInvis .     - Unarmed
rCold    + . .     Gourm    +   (no shield)
rNeg     . . .     Faith    .   g - +2 robe {Archmagi}
rPois    .         Spirit   .   (helmet restricted)
rElec    .         Reflect  .   y - scarf "Tuges" {rC+ MR++}
rCorr    .         Harm     .   (gloves unavailable)
MR       ++...                  (boots unavailable)
Stlth    +.........             (no amulet)
HPRegen  0.66/turn              J - ring of magical power
MPRegen  0.16/turn              (no ring)

@: no status effects
A: unfitting armour, claws 3, clumsy 1, fire resistance 1, fast metabolism 3,
gourmand, regeneration 1, shaggy fur 1, tough skin 2, MP-powered wands
a: Serpent's Lash, Renounce Religion


You were on level 10 of the Dungeon.
You worshipped Wu Jian.
Wu Jian was greatly pleased with you.
You were completely stuffed.

You visited 2 branches of the dungeon, and saw 11 of its levels.
You also visited: Ossuary.

You collected 637 gold pieces.

Inventory:

Hand Weapons
 A - a +0 morningstar
Missiles
 c - 2 large rocks (quivered)
 d - 2 throwing nets
Armour
 a - a +0 robe
 e - a +0 large shield
 g - a +2 robe of the Archmagi (worn)
 t - a +2 cloak of magic resistance
 y - the scarf "Tuges" (worn) {rC+ MR++}
   (You acquired it on level 7 of the Dungeon)

   It protects you from cold.
   It affects your resistance to hostile enchantments.
Jewellery
 J - a ring of magical power (left claw)
Wands
 j - a wand of polymorph (3/24)
 p - a wand of iceblast (2/15)
 s - a wand of lightning (5/15)
 K - a wand of random effects (17/48)
 L - a wand of random effects (18/48)
 M - a wand of paralysis (3/24)
Scrolls
 h - 5 scrolls of remove curse
 k - 5 scrolls of magic mapping
 m - a scroll of teleportation
 r - 3 scrolls of blinking
 w - 3 scrolls of identify
 F - 5 scrolls of enchant armour
 I - a scroll of vulnerability
 O - 2 scrolls of fear
 R - a scroll of silence {unknown}
Potions
 l - 7 potions of curing
 n - 3 potions of cancellation
 o - 2 potions of brilliance
 v - 2 potions of might
 x - a potion of flight
 B - a potion of lignification
 C - 2 potions of invisibility
 D - a potion of berserk rage
 E - 2 potions of heal wounds
 G - a potion of agility
 H - a potion of haste
Books
 b - a book of Debilitation

   Spells                             Type                      Level
   a - Corona                         Hexes                        1
   b - Slow                           Hexes                        2
   c - Inner Flame                    Hexes/Fire                   3
   d - Portal Projectile              Hexes/Translocation          3
   e - Cause Fear                     Hexes                        4
   f - Leda's Liquefaction            Hexes/Earth                  4
 u - a book of Necromancy

   Spells                             Type                      Level
   a - Pain                           Necromancy                   1
   b - Animate Skeleton               Necromancy                   1
   c - Vampiric Draining              Necromancy                   3
   d - Regeneration                   Charms/Necromancy            3
   e - Animate Dead                   Necromancy                   4
   f - Control Undead                 Necromancy                   4
 P - a book of Callings

   Spells                             Type                      Level
   a - Summon Small Mammal            Summoning                    1
   b - Call Imp                       Summoning                    2
   c - Call Canine Familiar           Summoning                    3
   d - Summon Guardian Golem          Hexes/Summoning              3
   e - Summon Lightning Spire         Summoning/Air                4
   f - Summon Ice Beast               Ice/Summoning                4
 Q - a book of Cantrips

   Spells                             Type                      Level
   a - Confusing Touch                Hexes                        1
   b - Animate Skeleton               Necromancy                   1
   c - Summon Small Mammal            Summoning                    1
   d - Apportation                    Translocation                1
Comestibles
 f - 12 bread rations
 i - 6 royal jellies
 q - 4 meat rations
 z - 14 fruits
 N - 3 chunks of flesh


   Skills:
 + Level 6.9 Fighting
 - Level 1.7 Throwing
 + Level 6.1 Dodging
 + Level 1.8 Shields
 * Level 11.4 Unarmed Combat
 - Level 1.0 Spellcasting
 - Level 2.0 Hexes


You had 10 spell levels left.
You knew the following spells:

 Your Spells              Type           Power        Failure   Level  Hunger
a - Corona                Hex            #......      16%         1    ##.....


Dungeon Overview and Level Annotations

Branches:
Dungeon (10/15)            Temple (1/1) D:4            Lair (0/6) D:9
    Orc: D:9-12

Altars:
Ashenzari
Cheibriados
Dithmenos
Elyvilon
Fedhas
Gozag
Hepliaklqana
Kikubaaqudgha
Makhleb
Nemelex Xobeh
Okawaru
Qazlal
Ru
Sif Muna
Trog
Uskayaw
Vehumet
Wu Jian
Xom
Yredelemnul
Zin
The Shining One

Shops:
D:9 (


Innate Abilities, Weirdness & Mutations

You are too large for most types of armour.
You have claws for hands.
Your metabolism is lightning-fast.
You like to eat raw meat.
Your natural rate of healing is unusually fast.
You are covered in fur. (AC +1)
You have very tough skin. (AC +2)
You are clumsy. (Dex -2)
Your flesh is heat resistant. (rF+)
You expend magic power (3 MP) to strengthen your wands.


Message History

The two-headed ogre is severely wounded.
The two-headed ogre barely misses you.
The two-headed ogre hits you with a giant spiked club!
Found a stone staircase leading down.
You claw the two-headed ogre!
The two-headed ogre is almost dead.
Unknown command.
You scratch the two-headed ogre.
The two-headed ogre is almost dead.
The two-headed ogre hits you with a giant club!!
* * * LOW HITPOINT WARNING * * *
The two-headed ogre completely misses you.
Unknown command.
You attack the two-headed ogre from above.
You scratch the two-headed ogre.
The two-headed ogre is almost dead.
The two-headed ogre hits you with a giant club!!
* * * LOW HITPOINT WARNING * * *
The two-headed ogre hits you with a giant spiked club!!
You die...

#..# #.............#
##.# #.####........#
##.## #.# #......).#
(#..## #.# #........#
.##..# #.# ####.#####
.###.####.# #..#
..##†...#.# #.##
........#.# ##§#######
..#....##.#####§@§....>.
...............§O§......
.##......[..............
.##.#....#......#.######
........######....#
........#..(....###
..###.#..)#####.#
..###.....(####.#
..##..####†#....#####


You could see a two-headed ogre.

Vanquished Creatures
  A two-headed ogre (D:7)
  A tengu warrior (D:10)
  Pikel (D:8)
  A hippogriff (D:9)
  3 wyverns (D:10)
  A hungry ghost (D:9)
  2 hell hounds (D:9)
  An ice beast (D:7)
  6 sky beasts
  An orc warrior (D:8)
  2 slaves (D:8)
  2 necrophages (D:9)
  An ogre (D:5)
  The ghost of enarc13 the Shooter, an amateur BaAM (D:3)
  3 centaurs
  3 bullfrogs
  2 scorpions
  3 howler monkeys
  11 wights
  A bullfrog zombie (D:6)
  A crimson imp (D:6)
  3 centaur zombies
  A jelly (D:9)
  A gnoll shaman (D:5)
  3 orc priests
  4 bullfrog skeletons
  A centaur skeleton (D:5)
  4 hounds
  6 orc wizards
  3 iguanas
  5 worker ants
  3 mummies (Ossuary)
  11 gnolls
  13 adders
  3 shadow imps
  An ooze (D:2)
  3 adder zombies (Ossuary)
  4 adder skeletons
  4 leopard geckos
  27 orcs
  2 bats (D:3)
  3 giant cockroaches
  10 goblins
  5 hobgoblins
  6 jackals
  4 kobolds
  2 quokkas
  3 ball pythons
  4 frilled lizards
  5 goblin zombies (Ossuary)
  2 hobgoblin zombies (Ossuary)
  2 kobold zombies (Ossuary)
  A leopard gecko skeleton (D:4)
  2 orc zombies (Ossuary)
  3 quokka zombies (Ossuary)
  15 rats
  A rat zombie (Ossuary)
218 creatures vanquished.

Vanquished Creatures (others)
  A leopard gecko (D:8)
1 creature vanquished.

Grand Total: 219 creatures vanquished

Notes
Turn   | Place    | Note
-------+----------+-------------------------------------------
     0 | D:1      | aurelian the Troll Arcane Marksman began the quest for the Orb.
     0 | D:1      | Reached XP level 1. HP: 18/18 MP: 1/1
    49 | D:1      | Reached skill level 1 in Fighting
    50 | D:1      | Reached skill level 1 in Unarmed Combat
    90 | D:1      | Reached XP level 2. HP: 27/27 MP: 2/2
   541 | D:1      | Reached skill level 2 in Unarmed Combat
   903 | D:2      | Reached XP level 3. HP: 28/33 MP: 3/3
   958 | D:2      | Found a bloodstained altar of Trog.
   958 | D:2      | Found a deep blue altar of Sif Muna.
  1429 | D:2      | Reached XP level 4. HP: 38/42 MP: 4/4
  1442 | D:3      | Reached skill level 3 in Unarmed Combat
  1563 | D:3      | Noticed enarc13's ghost (amateur BaAM)
  1574 | D:3      | Killed enarc13's ghost
  1574 | D:3      | Reached skill level 4 in Unarmed Combat
  1574 | D:3      | Reached XP level 5. HP: 20/50 MP: 5/5
  1794 | D:3      | Found a shadowy altar of Dithmenos.
  2194 | D:4      | Found a shimmering altar of Xom.
  2194 | D:4      | Found a shimmering altar of Xom.
  2199 | D:4      | Found a shimmering altar of Xom.
  2200 | D:4      | Found a shimmering altar of Xom.
  2244 | D:4      | Found a staircase to the Ecumenical Temple.
  2263 | Temple   | Entered the Ecumenical Temple
  2369 | Temple   | Became a worshipper of the Wu Jian Council
  2520 | D:4      | Reached XP level 6. HP: 49/59 MP: 6/6
  2623 | D:4      | Found a white marble altar of Elyvilon.
  2858 | D:5      | Entered Level 5 of the Dungeon
  2871 | D:5      | Reached skill level 5 in Unarmed Combat
  3097 | D:5      | Reached XP level 7. HP: 64/67 MP: 7/7
  3109 | D:5      | Reached skill level 6 in Unarmed Combat
  3177 | D:5      | Reached * piety under Wu Jian
  3627 | D:5      | Reached skill level 7 in Unarmed Combat
  3812 | D:6      | Reached XP level 8. HP: 64/78 MP: 8/8
  3825 | D:6      | Found a sand-covered staircase.
  3844 | Ossuary  | Entered an ossuary
  3970 | Ossuary  | Reached ** piety under Wu Jian
  4515 | D:7      | Found a burning altar of Makhleb.
  4518 | D:7      | Noticed an Executioner
  4520 | D:7      | Found a glowing silver altar of Zin.
  4521 | D:7      | Noticed an angel
  4587 | D:7      | Reached skill level 8 in Unarmed Combat
  4591 | D:7      | Noticed a two-headed ogre
  4597 | D:7      | HP: 1/79 [two-headed ogre/giant club (27)]
  4884 | D:7      | Gained mutation: Your spells are a little harder to cast, but a little more powerful. [mutagenic meat]
  4886 | D:7      | Gained mutation: You are frail. (-10% HP) [mutagenic meat]
  4962 | D:7      | Killed a two-headed ogre
  4962 | D:7      | Reached skill level 5 in Fighting
  4962 | D:7      | Reached skill level 9 in Unarmed Combat
  4962 | D:7      | Reached XP level 9. HP: 79/79 MP: 9/9
  5162 | D:7      | Identified a scroll of acquirement
  5163 | D:7      | Got an ancient scarf
  5174 | D:7      | Identified the scarf "Tuges" {rC+ MR++} (You acquired it on level 7 of the Dungeon)
  5176 | D:7      | Lost mutation: You are frail. (-10% HP) [potion of mutation]
  5176 | D:7      | Lost mutation: Your spells are a little harder to cast, but a little more powerful. [potion of mutation]
  5176 | D:7      | Gained mutation: You expend magic power (3 MP) to strengthen your wands. [potion of mutation]
  5176 | D:7      | Gained mutation: You are clumsy. (Dex -2) [potion of mutation]
  5176 | D:7      | Gained mutation: Your flesh is heat resistant. (rF+) [potion of mutation]
  5381 | D:8      | Noticed Pikel
  5390 | D:8      | Killed Pikel
  5773 | D:8      | Reached *** piety under Wu Jian
  5774 | D:8      | Reached skill level 10 in Unarmed Combat
  5780 | D:8      | Reached skill level 5 in Dodging
  6320 | D:9      | Found a staircase to the Lair.
  6393 | D:9      | Reached XP level 10. HP: 86/98 MP: 10/10
  6794 | D:9      | Found Tuudas's Antique Weapon Boutique.
  6800 | D:9      | Reached **** piety under Wu Jian
  6946 | D:10     | Entered Level 10 of the Dungeon
  6979 | D:10     | Reached skill level 11 in Unarmed Combat
  7076 | D:10     | Noticed a tengu warrior
  7085 | D:10     | Killed a tengu warrior
  7085 | D:10     | Reached skill level 1 in Shields
  7457 | D:10     | Noticed a two-headed ogre
  7468 | D:10     | Mangled by a two-headed ogre

Vault maps used:
D:1:      minmay_arrival_up_and_down, serial_glass, glass_columns_a,
          glass_columns_b, minmay_rat_gold_closets
D:2:      chequers_temple_overflow_statue_of_worship, first_bread
D:3:      lemuel_doored_altar
D:4:      elyvilon_altar_1, minmay_temple_entry_statues_fountains,
          xom_redecorated
D:6:      lightli_ossuary_entry_decrepit_ruins
D:7:      grunt_temple_overflow_order_and_chaos_2
D:8:      uniq_pikel
D:9:      minmay_lair_entry_lava, serial_shops, shop
D:10:     grunt_tengu_nest
Temple:   lightli_temple_of_artemis
Ossuary:  ossuary_minmay_chase

Skill      XL: |  1  2  3  4  5  6  7  8  9 10 |
---------------+-------------------------------+-----
Fighting       | 1 2 3 4 5 6 |  6.9
Unarmed Combat | 1 2 4 5 7 9 10 11 | 11.4
Dodging        | 2 4 5 6 |  6.1
Shields        | 1 |  1.8
Throwing       | |  1.7
Spellcasting   | |  1.0
Hexes          | |  2.0

Action                   |  1- 3 |  4- 6 |  7- 9 | 10-12 || total
-------------------------+-------+-------+-------+-------++-------
Melee: Unarmed           |   128 |   106 |   332 |   163 ||   729
       Punch             |     1 |     2 |    10 |    10 ||    23
Throw: Large rock        |       |     4 |       |     2 ||     6
Evoke: Wand              |       |       |     4 |       ||     4
  Use: Scroll            |       |    11 |    17 |     1 ||    29
       Potion            |       |       |     1 |       ||     1
 Stab: Sleeping          |     2 |       |       |       ||     2
       Distracted        |       |     1 |       |       ||     1
  Eat: Chunk             |    17 |    13 |    37 |    18 ||    85
Armor: Robe              |    42 |    32 |    86 |    31 ||   191
Dodge: Dodged            |    64 |    46 |   119 |    70 ||   299

Table legend:
 A = Spawn XP
 B = Non-spawn XP
 C = Spawn XP percentage of total XP
 D = Spawn monster count
 E = Non-spawn monster count
 F = Spawn count percentage of total count
 G = Total turns spent on level
                    A         B        C        D         E        F      G
               +---------+---------+-------+---------+---------+-------+---------
         Total |       0 |    8852 |   0.0 |       0 |     216 |   0.0 |  7468
               +---------+---------+-------+---------+---------+-------+---------
           D:1 |       0 |      38 |   0.0 |       0 |      26 |   0.0 |   895
           D:2 |       0 |      62 |   0.0 |       0 |      17 |   0.0 |   544
           D:3 |       0 |     222 |   0.0 |       0 |      15 |   0.0 |   742
           D:4 |       0 |      69 |   0.0 |       0 |       5 |   0.0 |   559
           D:5 |       0 |     977 |   0.0 |       0 |      33 |   0.0 |   951
           D:6 |       0 |     403 |   0.0 |       0 |      13 |   0.0 |   571
           D:7 |       0 |    1346 |   0.0 |       0 |      16 |   0.0 |   631
           D:8 |       0 |    1754 |   0.0 |       0 |      19 |   0.0 |  1227
           D:9 |       0 |    1683 |   0.0 |       0 |      26 |   0.0 |   526
          D:10 |       0 |    2213 |   0.0 |       0 |      25 |   0.0 |   522
       Ossuary |       0 |      85 |   0.0 |       0 |      21 |   0.0 |   182
               +---------+---------+-------+---------+---------+-------+---------
